[Event "28th Hit Open-A 2024"]
[Site "Nova Gorica"]
[Date "2024.01.29"]
[Round "5.40"]
[White "Mihelj, Edvard"]
[Black "Rigatti, Giorgio"]
[Result "0-1"]
[ECO "B20"]
[WhiteElo "1618"]
[BlackElo "1749"]
[Annotator "NA RC"]
[PlyCount "114"]
[EventDate "2024.01.22"]
[EventType "swiss"]
[EventCountry "SLO"]
[SourceTitle "playchess.com"]
[Source "ChessBase"]
[SourceQuality "1"]
[TimeControl "5400+30"]

1. e4 c5 2. Bc4 e6 3. Nc3 a6 4. a3 b5 5. Ba2 Bb7 6. d3 Qc7 7. f4 d6 8. Nf3 Nf6 9. O-O Be7 10. Ne2 Nc6 11. Ng3 g6 12. c3 h5 13. h3 Nh7 14. Ng5 Nd8 15. Qe2 Rc8 16. Be3 d5 17. Nxh7 Rxh7 18. e5 Nc6 19. d4 Na5 20. Rac1 Nc4 21. Bb1 Qb6 22. Kh2 Rh8 23. Bd3 cxd4 24. cxd4 Kd7 25. Bxc4 Rxc4 26. Rxc4 bxc4 27. Rc1 Bc6 28. Rc3 Rb8 29. Rc2 Ba4 30. Rd2 Qb3 31. Qf3 c3 32. bxc3 Qxc3 33. f5 Rb3 34. Re2 h4 35. Nf1 Bb5 36. f6 Bxa3 37. Qg4 Bxe2 38. Qxe2 Qd3 39. Qf2 Rb2 40. Nd2 Bb4 41. Qf4 Rxd2 42. Bxd2 Qg3+ 43. Kg1 Qxf4 44. Bxf4 Bc3 45. Kf1 Bxd4 46. Ke1 a5 47. Kd1 a4 48. Kc2 Kc6 49. Bg5 Bf2 50. Bf4 Kc5 51. Kb2 d4 52. Kc2 Be3 53. Bh2 Kc4 54. g4 a3 55. Kb1 Kb3 56. Ka1 Bc1 57. Bg1 Bb2+ 0-1

[Event "28th Hit Open-A 2024"]
[Site "Nova Gorica"]
[Date "2024.01.29"]
[Round "5.41"]
[White "Barbir, Petar"]
[Black "Trybus, Dominika"]
[Result "1/2-1/2"]
[ECO "B49"]
[WhiteElo "1738"]
[BlackElo "1530"]
[Annotator "NA RC"]
[PlyCount "50"]
[EventDate "2024.01.22"]
[EventType "swiss"]
[EventCountry "SLO"]
[SourceTitle "playchess.com"]
[Source "ChessBase"]
[SourceQuality "1"]
[TimeControl "5400+30"]

1. e4 c5 2. Nf3 e6 3. d4 cxd4 4. Nxd4 Nc6 5. Nc3 Qc7 6. Be2 Nf6 7. O-O Be7 8. Be3 a6 9. f4 Nxd4 10. Qxd4 O-O 11. e5 Ne8 12. a4 d6 13. a5 Bd7 14. Na4 Qxc2 15. Nb6 Rd8 16. Bd3 dxe5 17. fxe5 Qc7 18. Qe4 g6 19. Bh6 Bc6 20. Qe2 Ng7 21. Rac1 Bb4 22. Nc4 Rd7 23. Nb6 Rdd8 24. Nc4 Rd7 25. Nb6 Rdd8 1/2-1/2

[Event "28th Hit Open-A 2024"]
[Site "Nova Gorica"]
[Date "2024.01.29"]
[Round "5.42"]
[White "Mulec, Dejan"]
[Black "Zlatanovic, Marcus"]
[Result "0-1"]
[ECO "D00"]
[WhiteElo "1577"]
[BlackElo "1745"]
[Annotator "NA RC"]
[PlyCount "116"]
[EventDate "2024.01.22"]
[EventType "swiss"]
[EventCountry "SLO"]
[SourceTitle "playchess.com"]
[Source "ChessBase"]
[SourceQuality "1"]
[TimeControl "5400+30"]

1. d4 d5 2. Nc3 Nf6 3. Bf4 Bf5 4. f3 h6 5. g4 Bg6 6. h4 e6 7. e3 c5 8. Bd3 Bxd3 9. Qxd3 Nc6 10. Nge2 a6 11. Kf2 Bd6 12. b3 Rc8 13. Qd2 Bxf4 14. Nxf4 cxd4 15. exd4 Qb6 16. Rad1 Qxd4+ 17. Qxd4 Nxd4 18. Rxd4 Rxc3 19. Rd2 Ke7 20. Re1 g5 21. Ne2 Rc7 22. Nd4 Rhc8 23. Nf5+ Kf8 24. Nxh6 Rxc2 25. Ree2 Rxd2 26. Rxd2 gxh4 27. g5 Nh5 28. Rd4 Rc2+ 29. Ke3 Ng3 30. Rxh4 Rxa2 31. Rf4 Nf5+ 32. Nxf5 exf5 33. Kd4 Kg7 34. Rxf5 Ra5 35. Rf6 Rb5 36. Kc3 Rc5+ 37. Kd4 Rc6 38. Rf5 Rb6 39. Kc3 d4+ 40. Kc4 Rd6 41. Kd3 Kg6 42. Re5 Rb6 43. Kc4 d3 44. Rd5 d2 45. Rxd2 Kxg5 46. Rd4 f5 47. b4 Rc6+ 48. Kd5 Rc3 49. f4+ Kg4 50. Ke5 Re3+ 51. Kd5 Re8 52. Rc4 b5 53. Rc6 Re4 54. Rxa6 Rxb4 55. Kc5 Rxf4 56. Kxb5 Rd4 57. Kc5 Rd8 58. Rg6+ Kf3 0-1

[Event "28th Hit Open-A 2024"]
[Site "Nova Gorica"]
[Date "2024.01.29"]
[Round "5.43"]
[White "Vodnik, Val"]
[Black "Milicevic, Zoran"]
[Result "0-1"]
[ECO "D25"]
[WhiteElo "1661"]
[BlackElo "1550"]
[Annotator "NA RC"]
[PlyCount "58"]
[EventDate "2024.01.22"]
[EventType "swiss"]
[EventCountry "SLO"]
[SourceTitle "playchess.com"]
[Source "ChessBase"]
[SourceQuality "1"]
[TimeControl "5400+30"]

1. d4 d5 2. c4 dxc4 3. e3 Nf6 4. Bxc4 g6 5. Nc3 Bg7 6. Nf3 O-O 7. O-O a6 8. a4 Bg4 9. Qb3 Bxf3 10. gxf3 b6 11. Ne4 Nxe4 12. fxe4 e6 13. f4 Nd7 14. f5 Qg5+ 15. Kh1 e5 16. fxg6 hxg6 17. Rg1 Qh5 18. Rg3 exd4 19. exd4 Bxd4 20. Rg5 Qh7 21. Bf4 b5 22. Bd5 bxa4 23. Qg3 Kg7 24. Bxa8 Rxa8 25. Rxa4 c5 26. Qd3 Qh4 27. Bd2 Ne5 28. Qg3 Qxe4+ 29. Qg2 Qb1+ 0-1

[Event "28th Hit Open-A 2024"]
[Site "Nova Gorica"]
[Date "2024.01.30"]
[Round "6.1"]
[White "Csonka, Balazs"]
[Black "Basso, Pier Luigi"]
[Result "1/2-1/2"]
[ECO "C67"]
[WhiteElo "2479"]
[BlackElo "2482"]
[Annotator "TA"]
[PlyCount "27"]
[EventDate "2024.01.22"]
[EventType "swiss"]
[EventCountry "SLO"]
[SourceTitle "playchess.com"]
[Source "ChessBase"]
[SourceQuality "1"]
[TimeControl "5400+30"]

1. e4 e5 2. Nf3 Nc6 3. Bb5 Nf6 4. O-O Nxe4 5. Re1 Nd6 6. Nxe5 Be7 7. Bf1 Nf5 8. Nf3 O-O 9. d4 d5 10. Nc3 Bb4 11. h3 Nce7 12. a3 Ba5 13. b4 Bb6 14. Na4 {[%emt 0:00:05] Weighted Error Value: White=0.04 (flawless) /Black=0.07 (flawless) .  OK:         	White=5     	Black=5} 1/2-1/2

[Event "28th Hit Open-A 2024"]
[Site "Nova Gorica"]
[Date "2024.01.30"]
[Round "6.3"]
[White "Beliavsky, Alexander G"]
[Black "Ashwath, R.."]
[Result "1/2-1/2"]
[ECO "E04"]
[WhiteElo "2475"]
[BlackElo "2284"]
[Annotator "TA"]
[PlyCount "27"]
[EventDate "2024.01.22"]
[EventType "swiss"]
[EventCountry "SLO"]
[SourceTitle "playchess.com"]
[Source "ChessBase"]
[SourceQuality "1"]
[TimeControl "5400+30"]

1. d4 Nf6 2. c4 e6 3. Nf3 d5 4. g3 dxc4 5. Bg2 c6 6. Ne5 Bb4+ 7. Bd2 Be7 8. e3 b5 9. b3 {[%emt 0:05:00] White is slightly better.} cxb3 10. axb3 Bb7 11. O-O {[%emt 0:02:05][%mdl 1024] White has compensation.} a5 12. Qe2 O-O 13. Rc1 b4 14. Nxc6 {[%emt 0:06:31] Weighted Error Value: White=0.21 (precise) /Black=0.10 (very precise) .  Mistake:       	White=1     	---        Inaccurate:     	White=2     	Black=1      OK:         	White=2     	Black=2} (14. Be1 $15) 1/2-1/2

[Event "28th Hit Open-A 2024"]
[Site "Nova Gorica"]
[Date "2024.01.30"]
[Round "6.4"]
[White "Kozlovic, Jernej"]
[Black "Ceres, Dragos"]
[Result "0-1"]
[ECO "B52"]
[WhiteElo "2174"]
[BlackElo "2438"]
[Annotator "TA"]
[PlyCount "120"]
[EventDate "2024.01.22"]
[EventType "swiss"]
[EventCountry "SLO"]
[SourceTitle "playchess.com"]
[Source "ChessBase"]
[SourceQuality "1"]
[TimeControl "5400+30"]

1. e4 c5 2. Nf3 d6 3. Bb5+ Bd7 4. Bxd7+ Nxd7 5. O-O Ngf6 6. Qe2 e6 7. b3 Be7 8. Bb2 O-O 9. c4 Rc8 10. d4 cxd4 11. Nxd4 a6 12. Nc3 Qa5 13. Rfd1 Rfe8 14. Qd2 Bd8 15. f3 {[%emt 0:07:42] The position is equal.} Bc7 16. Kh1 Qh5 17. h3 Ne5 18. Qf2 Ng6 19. Nde2 b5 20. cxb5 axb5 21. Ng3 Qg5 22. e5 dxe5 ({Reject} 22... Qxe5 23. Nd5 Qxd5 (23... Qg5 $2 24. Bxf6 Qh6 25. Nxc7 $18) 24. Rxd5 Nxd5 25. Qd2 $16) 23. Bc1 (23. a4 $15) 23... Qh4 (23... Bb6 $1 $17 24. Bxg5 Bxf2) 24. Nge4 {[%emt 0:06:25] Loses the game.} (24. Nxb5 $11 {and White is okay.} Bb8 25. a4) 24... Qxf2 $19 25. Nxf2 Bb6 26. Nce4 Nd5 27. Nd3 Red8 {[%emt 0:00:17] Prevents Nd6.} 28. Bd2 f5 29. Ng3 Rc2 30. Ne1 {[%emt 0:04:32] White is weak on the dark squares} Rc7 31. Rdc1 Ra7 32. a4 Rda8 33. Rc6 Kf7 34. Rd6 bxa4 35. bxa4 Bc7 36. Rc6 Rxa4 37. Rac1 R8a7 38. Nd3 (38. Ne2 $142) 38... Ra1 39. Rxa1 Rxa1+ 40. Rc1 Ra2 41. Nb4 (41. Nf1 {was worth a try.}) 41... Rxd2 42. Nxd5 Ba5 43. Ne3 f4 44. Nc4 {[%emt 0:00:21] [#]} (44. Nef1 $142 fxg3 45. Nxg3) 44... fxg3 $1 45. Nxd2 (45. Rb1 Rd5) 45... Bxd2 46. Rc7+ Kf6 47. Kg1 Nf4 48. Rc4 Be3+ 49. Kf1 (49. Kh1 $142) 49... Bf2 {[%emt 0:00:25] [#] White must now prevent ...Nd5.} 50. Re4 Nd5 51. Ke2 {[%emt 0:00:28] Against Ne3} Nc3+ {[%emt 0:00:07] Black mates.} 52. Kd3 Nxe4 53. Kxe4 {[%emt 0:00:19] KB-K3P} g5 54. Kd3 Kf5 55. Ke2 e4 56. fxe4+ Kxe4 57. Kd2 Kf4 58. Kd3 h5 59. Ke2 h4 60. Kd3 g4 {[%emt 0:00:08] Weighted Error Value: White=0.62/Black=0.19 (very precise) .  Loses game:     	White=1     	---        Mistake:       	White=4     	Black=1      Inaccurate:     	White=3     	Black=1      OK:         	White=6     	Black=16     Best:        	White=1     	Black=5} 0-1

[Event "28th Hit Open-A 2024"]
[Site "Nova Gorica"]
[Date "2024.01.30"]
[Round "6.5"]
[White "Karacsonyi, Gellert"]
[Black "Ceschia, Ivano"]
[Result "1-0"]
[ECO "B33"]
[WhiteElo "2398"]
[BlackElo "2183"]
[Annotator "TA"]
[PlyCount "77"]
[EventDate "2024.01.22"]
[EventType "swiss"]
[EventCountry "SLO"]
[SourceTitle "playchess.com"]
[Source "ChessBase"]
[SourceQuality "1"]
[TimeControl "5400+30"]

1. e4 c5 2. Nf3 Nc6 3. d4 cxd4 4. Nxd4 Qb6 5. Nb3 Nf6 6. Nc3 e6 7. Qe2 Be7 8. Be3 Qc7 9. O-O-O d5 {[%emt 0:10:26] White is slightly better.} 10. exd5 Nxd5 11. Nxd5 exd5 12. g4 O-O 13. Bg2 Re8 14. Kb1 (14. Rxd5 Be6 15. Rd2 a5 $11) 14... Bf6 15. Bxd5 {[%emt 0:18:05] Threatening Qc4.} (15. g5 Bxg5 16. Rxd5 Bxe3 17. fxe3 Be6 $15) 15... Nb4 {[%emt 0:05:31] ...Qe5 would now be deadly.} 16. Bf3 Be6 {[%emt 0:01:21] White must now prevent ...Rac8.} 17. a3 Qe5 18. Nd4 $36 {[%emt 0:03:22][%mdl 2048] White is in control.} (18. axb4 $2 Qxb2#) 18... Nd5 {[%emt 0:04:00] [#]} (18... Nc6 $16) 19. g5 Bxg5 20. Bxg5 Qxg5 21. Nxe6 fxe6 22. Bxd5 exd5 23. Qb5 Red8 (23... b6 $142) 24. Qxb7 Qf6 {[%emt 0:00:46] [#] Strongly threatening ...Rab8.} 25. b3 $1 {[%emt 0:01:55] White is more active.} (25. Rxd5 $2 Rdb8 $19 (25... Qxf2 $2 26. Rhd1 $18) (25... Qxf2 $2 26. Rhd1 $18)) 25... d4 26. Rhg1 g6 27. Rge1 Rab8 (27... Qb6 $142 28. Qxb6 axb6) 28. Qxa7 $18 Qf3 29. Qa4 (29. Rxd4 Rxb3+ 30. Ka2 (30. cxb3 Qxb3+ 31. Ka1 Qc3+ 32. Ka2 Qc2+ 33. Ka1 Qc3+ 34. Ka2 Qc2+ 35. Ka1 Qc3+ $11) 30... Rdb8 $11) (29. Rd3 $142 Qf6 30. Rxd4 Rxd4 (30... Qxd4 $2 31. Re8+ Rxe8 32. Qxd4 $18) 31. Qxb8+ Kg7 32. a4 (32. Qe5 Rd1+ 33. Ka2 Qxe5 $18)) 29... Qxf2 (29... Qc3 {was necessary.} 30. b4 Ra8 31. Qb3+ Qxb3+ 32. cxb3 Rxa3) 30. Qc4+ Kg7 $2 (30... Kh8 31. Re7 Qf6) 31. Rf1 Qh4 32. Qc7+ (32. Rf7+ Kh8 33. Qc7 Kg8 34. Rg7+ Kh8 $18) 32... Kg8 33. Rf4 Qh3 34. Qf7+ (34. Rfxd4 Rxb3+ 35. cxb3 Qxb3+ 36. Kc1 Qxa3+ 37. Kc2 Qa2+ 38. Kc3 (38. Kd3 Qb3+ 39. Ke2 Re8+ 40. Kf2 Qe3+ 41. Kg2 Qe2+ 42. Kg1 Qe3+ 43. Kh1 Qf3+ 44. Kg1 Qe3+ 45. Kh1 Qf3+ 46. Kg1 Qe3+ $11) 38... Qa3+ 39. Kc2 Qa2+ 40. Kc1 (40. Kd3 Qb3+ 41. Ke2 Re8+ 42. Kd2 Qb2+ 43. Kd3 Qb3+ 44. Kd2 Qb2+ 45. Kd3 Qb3+ 46. Kd2 $11) 40... Qa3+ 41. Kc2 $11) 34... Kh8 35. Qf6+ (35. Rfxd4 Rf8 36. Qe7 Rbe8) 35... Kg8 {[%emt 0:00:03][%cal Ob8b3] ( -> ...Rxb3+!)} 36. Rd3 {[%emt 0:00:29] White is clearly winning.} ({And not} 36. Rfxd4 Rxb3+ 37. Kc1 (37. cxb3 {leads to mate.} Qxb3+ 38. Ka1 Qxa3+ 39. Kb1 Qb3+ 40. Kc1 Qc3+ 41. Kb1 Rb8+) 37... Qe3+ 38. R1d2 Qe1+ 39. Rd1 Qe3+ 40. R1d2 Rf8 $11) 36... Qg2 (36... Qh6 $142 37. Rdxd4 (37. Rfxd4 Rf8 $18) 37... Rf8) 37. Qf7+ Kh8 38. Rh4 h5 39. Rg3 {[%emt 0:00:35] Weighted Error Value: White=0.38/Black=0.50.  Mistake:       	White=2     	Black=7      Inaccurate:     	---       	Black=4      OK:         	White=16    	Black=10     Best:        	White=3     	Black=2} 1-0

[Event "28th Hit Open-A 2024"]
[Site "Nova Gorica"]
[Date "2024.01.30"]
[Round "6.6"]
[White "Plaskan, Jure"]
[Black "Kulkarni Bhakti"]
[Result "1/2-1/2"]
[ECO "C60"]
[WhiteElo "2262"]
[BlackElo "2364"]
[Annotator "TA"]
[PlyCount "73"]
[EventDate "2024.01.22"]
[EventType "swiss"]
[EventCountry "SLO"]
[SourceTitle "playchess.com"]
[Source "ChessBase"]
[SourceQuality "1"]
[TimeControl "5400+30"]

1. e4 e5 2. Nf3 Nc6 3. Bb5 Nge7 4. O-O Ng6 5. c3 d5 6. d4 (6. Qa4 $16) 6... dxe4 $11 7. Bxc6+ bxc6 8. Nxe5 Bd6 (8... Nxe5 {simplifies} 9. dxe5 Qxd1 10. Rxd1 Bc5) 9. f4 exf3 {[%emt 0:11:47] [#]} (9... O-O {simplifies} 10. Nxc6 Qe8 11. Ne5 Ba6) 10. Nxf7 $1 Bxh2+ $1 11. Kxh2 Qh4+ 12. Kg1 Bg4 $1 {[%emt 0:00:18] [#]} 13. Qc2 $2 {[%emt 0:17:28][%mdl 8192] [#]} Kxf7 $2 (13... O-O $1 $19 14. Qf2 (14. Bg5 $2 Qh5 $19) 14... fxg2 (14... Kxf7 $2 15. Nd2 $17) (14... Qxf2+ $2 15. Rxf2 Rxf7 16. Nd2 $19) 15. Qxg2 Bh3 (15... Rxf7 $2 16. Rxf7 Kxf7 17. Qf2+ Kg8 18. Qxh4 $19)) 14. Nd2 $1 {[%emt 0:00:15] Dancing on a razor blade.} Rhf8 15. Nxf3 Bxf3 16. Rxf3+ Kg8 17. Rxf8+ Rxf8 18. Qe2 $36 {[%emt 0:02:30][%mdl 2048] Prevents Qe1+. White is pushing.} Qg3 {[%emt 0:02:45] aiming for ...Nh4.} 19. Bd2 h5 20. Rf1 $16 (20. Qxh5 $2 {perishes.} Nh4 $19 (20... Rf2 $2 21. Qh2 $19) (20... Rf2 $2 21. Qh3 $19)) 20... Rxf1+ 21. Kxf1 {[%emt 0:00:07][%mdl 4096] Endgame. KQB-KQN} h4 22. Qe4 Qd6 23. Bg5 Kf7 24. Bxh4 {[%emt 0:01:01] White is much more active.} Nxh4 25. Qxh4 {[%emt 0:00:05] KQ-KQ} Qg6 26. Qe1 {[%emt 0:03:15] Against Qb1} c5 27. Kg1 ({White should try} 27. dxc5 $16 {Hoping for b4.} Qa6+ 28. Kg1 Qxa2 29. Qf1+ Ke7 30. Qe2+ Kf7 31. Qf3+ Kg8 32. b4) 27... cxd4 $14 28. cxd4 Kg8 29. a3 c6 30. Qc3 {[%emt 0:01:13] Dodges Qc2} (30. b3 $1 $14) 30... Qe4 31. g3 Qe2 {[%emt 0:00:52] The position is equal.} 32. b4 Kh8 33. Qxc6 {[%emt 0:00:40] Black must now prevent Qc8+.} Qd1+ $1 34. Kh2 Qh5+ $1 35. Kg2 Qe2+ 36. Kg1 {[%emt 0:00:16] Qc8+ would now be deadly.} Qd1+ $1 37. Kg2 {[%emt 0:00:41] Weighted Error Value: White=0.25 (precise) /Black=0.33.  Loses game:     	White=1     	---        Missed win:     	---       	Black=1      Mistake:       	White=2     	Black=1      Inaccurate:     	White=2     	---        OK:         	White=7     	Black=6      Best:        	White=1     	Black=4      Strong:       	White=1     	Black=5      Brilliant:      	White=1     	---} 1/2-1/2

[Event "28th Hit Open-A 2024"]
[Site "Nova Gorica"]
[Date "2024.01.30"]
[Round "6.7"]
[White "Sebenik, Matej"]
[Black "Drazic, Sinisa"]
[Result "1-0"]
[ECO "D40"]
[WhiteElo "2536"]
[BlackElo "2270"]
[Annotator "RC"]
[PlyCount "177"]
[EventDate "2024.01.22"]
[EventType "swiss"]
[EventCountry "SLO"]
[SourceTitle "playchess.com"]
[Source "ChessBase"]
[SourceQuality "1"]
[TimeControl "5400+30"]

1. Nf3 c5 2. c4 Nf6 3. Nc3 e6 4. e3 a6 5. d4 d5 6. a3 Nc6 7. dxc5 Bxc5 8. b4 Ba7 9. Bb2 dxc4 10. Bxc4 Qxd1+ 11. Rxd1 Ke7 12. O-O b5 13. Bd3 Bb7 14. Ne4 Rad8 15. Nxf6 gxf6 16. Be4 Rxd1 17. Rxd1 h6 18. Bd4 Bxd4 19. Bxc6 Bxc6 20. Nxd4 Bd5 21. Rc1 Kd6 22. f3 f5 23. Rc5 h5 24. h4 Rg8 25. Kf2 Rb8 26. Ne2 Bc4 27. Ng3 a5 28. e4 axb4 29. axb4 Ra8 30. exf5 Ra2+ 31. Kg1 Rb2 32. Ne4+ Kd7 33. fxe6+ Kxe6 34. Rxh5 Rxb4 35. Rh6+ Ke5 36. Rb6 Rb1+ 37. Kh2 f5 38. Nd2 Rd1 39. Nxc4+ bxc4 40. Rc6 Rd4 41. Kg3 f4+ 42. Kh3 Kf5 43. Rc5+ Kg6 44. Kg4 Kh6 45. Rc6+ Kh7 46. Rc7+ Kh6 47. Rc6+ Kh7 48. Rc5 Kh6 49. Rh5+ Kg6 50. Rf5 c3 51. Rc5 Rd2 52. h5+ Kh6 53. Rc6+ Kg7 54. Kxf4 Rxg2 55. Rxc3 Kh6 56. Rc5 Ra2 57. Re5 Ra4+ 58. Kg3 Rb4 59. f4 Ra4 60. Kg4 Ra6 61. Re4 Rb6 62. f5 Rb1 63. f6 Kh7 64. Re7+ Kh6 65. Re8 Rg1+ 66. Kf5 Rf1+ 67. Ke6 Re1+ 68. Kf7 Rf1 69. Rh8+ Kg5 70. Rg8+ Kh6 71. Re8 Kh7 72. Re6 Ra1 73. Kf8 Ra8+ 74. Re8 Ra1 75. f7 Ra7 76. Rd8 Ra1 77. Ke7 Re1+ 78. Kd7 Rd1+ 79. Kc7 Rc1+ 80. Kb6 Rb1+ 81. Kc5 Rc1+ 82. Kb4 Rb1+ 83. Kc3 Rc1+ 84. Kb2 Rf1 85. f8=R Rh1 86. Rh8+ Kg7 87. h6+ Kf7 88. h7 Rh2+ 89. Kc3 1-0

[Event "28th Hit Open-A 2024"]
[Site "Nova Gorica"]
[Date "2024.01.30"]
[Round "6.8"]
[White "Cvitan, Ognjen"]
[Black "Siraj, Svit"]
[Result "1/2-1/2"]
[ECO "A13"]
[WhiteElo "2422"]
[BlackElo "2182"]
[Annotator "TA"]
[PlyCount "47"]
[EventDate "2024.01.22"]
[EventType "swiss"]
[EventCountry "SLO"]
[SourceTitle "playchess.com"]
[Source "ChessBase"]
[SourceQuality "1"]
[TimeControl "5400+30"]

1. c4 Nf6 2. Nf3 e6 3. g3 d5 4. Bg2 dxc4 5. Qa4+ Nbd7 6. Qxc4 c5 7. d3 a6 8. Qb3 Bd6 9. a4 Rb8 10. a5 {[%emt 0:00:50] White is slightly better.} O-O 11. Nbd2 b5 12. axb6 Nxb6 13. Nc4 Nxc4 14. Qxc4 e5 15. O-O Rb4 16. Qc2 Qb6 17. Nd2 Be6 18. Nc4 Bxc4 19. dxc4 e4 20. Bxe4 $16 {[%emt 0:18:45] White is better.} Be5 21. Bf3 Bxb2 22. Bxb2 Rxb2 23. Qa4 Rb4 24. Qxa6 {[%emt 0:00:43] Weighted Error Value: White=0.07 (flawless) /Black=0.10 (very precise) .  Mistake:       	---       	Black=1      Inaccurate:     	White=2     	Black=1      OK:         	White=8     	Black=7      Best:        	White=1     	---} 1/2-1/2

[Event "28th Hit Open-A 2024"]
[Site "Nova Gorica"]
[Date "2024.01.30"]
[Round "6.9"]
[White "Debevec, Blaz"]
[Black "Fercec, Nenad"]
[Result "1/2-1/2"]
[ECO "B94"]
[WhiteElo "2077"]
[BlackElo "2410"]
[Annotator "RC"]
[PlyCount "156"]
[EventDate "2024.01.22"]
[EventType "swiss"]
[EventCountry "SLO"]
[SourceTitle "playchess.com"]
[Source "ChessBase"]
[SourceQuality "1"]
[TimeControl "5400+30"]

1. e4 c5 2. Nf3 d6 3. d4 cxd4 4. Nxd4 Nf6 5. Nc3 a6 6. Bg5 Nbd7 7. Bc4 h6 8. Bh4 g6 9. O-O e5 10. Nb3 g5 11. Bg3 b5 12. Bd5 Rb8 13. a3 Qc7 14. Kh1 Be7 15. Qe2 Nb6 16. Rfd1 Na4 17. Nxa4 bxa4 18. Nd2 Nxd5 19. exd5 Qxc2 20. Rac1 Qf5 21. Nc4 O-O 22. Na5 Rb5 23. Nc6 Bf6 24. Rc4 Bd7 25. f3 Rc8 26. Be1 Bxc6 27. Rxc6 Rxc6 28. dxc6 Rc5 29. Rxd6 Be7 30. Rd7 Bf6 31. Bc3 Rxc6 32. Qd3 e4 33. fxe4 Qf2 34. Qf3 Qxf3 35. gxf3 Bxc3 36. bxc3 Rxc3 37. Kg2 Rxa3 38. Ra7 Ra1 39. Rxa6 Kg7 40. Kh3 a3 41. Kg3 a2 42. Kg2 f6 43. Ra7+ Kf8 44. Ra8+ Ke7 45. Ra7+ Kd6 46. Ra6+ Kc5 47. Ra5+ Kb4 48. Ra8 h5 49. h4 gxh4 50. f4 Kb3 51. Rb8+ Kc4 52. Ra8 Kb3 53. Rb8+ Kc3 54. Ra8 h3+ 55. Kh2 Rf1 56. Rxa2 Rxf4 57. Ra6 Kd4 58. Re6 Rf3 59. Re7 Ke3 60. e5 f5 61. Rg7 Kf4 62. e6 Re3 63. e7 h4 64. Rf7 Kg5 65. Rh7 Kf6 66. Rxh4 Kxe7 67. Rxh3 Re2+ 68. Kg1 Kf6 69. Kf1 Ra2 70. Rb3 Kg5 71. Rc3 Kg4 72. Rb3 f4 73. Rc3 Rd2 74. Ra3 Rh2 75. Rb3 Ra2 76. Rc3 Kf5 77. Rb3 Kg4 78. Rc3 Kf5 1/2-1/2

[Event "28th Hit Open-A 2024"]
[Site "Nova Gorica"]
[Date "2024.01.30"]
[Round "6.10"]
[White "Szegedy, Matyas"]
[Black "Davies, Nigel R"]
[Result "1/2-1/2"]
[ECO "C41"]
[WhiteElo "2129"]
[BlackElo "2349"]
[Annotator "TA"]
[PlyCount "87"]
[EventDate "2024.01.22"]
[EventType "swiss"]
[EventCountry "SLO"]
[SourceTitle "playchess.com"]
[Source "ChessBase"]
[SourceQuality "1"]
[TimeControl "5400+30"]

1. e4 d6 2. d4 Nf6 3. Nc3 e5 4. Nf3 Nbd7 5. Bc4 Be7 6. a4 O-O 7. O-O c6 8. h3 b6 9. Qe2 a6 10. Rd1 Qc7 11. Be3 ({White should play} 11. d5 $16) 11... h6 (11... Bb7 $11) 12. Ba2 Rb8 {[%emt 0:02:29] White is slightly better.} 13. Nh4 exd4 14. Bxd4 {[%emt 0:00:52] Black must now prevent Ng6.} Nc5 (14... Bd8 $16) 15. e5 Nd5 16. Bxd5 (16. Nxd5 cxd5 17. exd6 Bxd6 $16) 16... Bxh4 (16... cxd5 $142 17. exd6 (17. Nxd5 Qb7 $16) 17... Bxd6 18. Nxd5 Qd8) 17. exd6 $18 Qb7 18. Ba2 Be6 19. Bxe6 Nxe6 20. Be5 Bd8 21. Qg4 (21. d7 $142) 21... Qd7 22. Re1 ({Worse is} 22. Bxg7 f5 23. Qc4 (23. Qg6 Nxg7 24. Qxh6 Rf6 $15) 23... b5 $17 (23... Kxg7 24. Qxa6 Bf6 25. Qc4 $15)) 22... Rb7 23. h4 f5 24. Qc4 (24. Qh5 $142) 24... b5 $16 25. axb5 axb5 26. Qb3 {[%emt 0:01:20][%cal Oe5g7] White has more active pieces.} Kh7 27. h5 $36 {[%emt 0:15:08][%mdl 2048] White is really pushing.} Bb6 28. Ne2 Nc5 29. Qg3 {[%emt 0:08:35] Strongly threatening Nf4.} Ne4 30. Qg6+ Kg8 31. Bd4 c5 32. Be5 {[%emt 0:00:39] And now Nf4 would win. Really sharp!} Qe8 33. Qxe8 Rxe8 {[%emt 0:00:09] [#]} 34. f4 c4+ {[%emt 0:00:33] [#]} 35. Kh2 $1 Bc5 (35... Rd8 $16 36. Ng3 Nxd6) 36. Ra6 (36. Ng3 $18 {has better winning chances.} Nxg3 (36... Nxd6 $2 {too greedy.} 37. Bxd6 Rxe1 38. Ra8+ Kh7 39. Bxc5 $18) 37. Kxg3) 36... Rd7 37. Nc3 ({White should try} 37. Nd4 $16 Bxd4 38. Bxd4) 37... Nxc3 $1 $11 {[%emt 0:13:41] The position is equal.} 38. bxc3 {[%emt 0:00:12] Rb1 would now be deadly.} (38. Bxc3 {simplifies} Rxe1 39. Bxe1 Rxd6 40. Ra5) 38... Bxd6 $1 39. Rd1 Rxe5 $1 40. Rdxd6 Rxd6 41. Rxd6 Re3 42. Rd5 Rxc3 43. Rxb5 Rxc2 44. Rxf5 {[%emt 0:00:04] Black defended with fortune.   Weighted Error Value: White=0.23 (precise) /Black=0.22 (precise) .  Mistake:       	White=5     	Black=4      Inaccurate:     	---       	Black=1      OK:         	White=15    	Black=10     Best:        	White=1     	Black=4      Strong:       	White=1     	Black=3} 1/2-1/2

[Event "28th Hit Open-A 2024"]
[Site "Nova Gorica"]
[Date "2024.01.30"]
[Round "6.11"]
[White "Trybus, Daniel"]
[Black "Gaal, Zsoka"]
[Result "0-1"]
[ECO "C44"]
[WhiteElo "2039"]
[BlackElo "2341"]
[Annotator "RC"]
[PlyCount "108"]
[EventDate "2024.01.22"]
[EventType "swiss"]
[EventCountry "SLO"]
[SourceTitle "playchess.com"]
[Source "ChessBase"]
[SourceQuality "1"]
[TimeControl "5400+30"]

1. e4 e5 2. Nf3 Nc6 3. d3 d6 4. g3 Nge7 5. Bg2 g6 6. Bg5 Bg7 7. c4 h6 8. Be3 f5 9. Nc3 O-O 10. Qd2 Kh7 11. h4 Nd4 12. Nh2 Ne6 13. f4 h5 14. O-O-O exf4 15. gxf4 fxe4 16. dxe4 Nxf4 17. Bf1 Ne6 18. Bd3 Nc6 19. e5 Nxe5 20. Be4 Bd7 21. Qe2 Nf4 22. Qc2 Bc6 23. Nd5 Bxd5 24. cxd5 Qe8 25. Kb1 Qb5 26. a4 Qe2 27. Rde1 Qxc2+ 28. Kxc2 c6 29. dxc6 bxc6 30. Rhf1 Nd5 31. Bxd5 cxd5 32. Rxf8 Rxf8 33. Bxa7 Ra8 34. Bf2 Rxa4 35. Rd1 Rc4+ 36. Kb3 Nc6 37. Be1 Nd4+ 38. Ka2 Be5 39. Nf1 Ra4+ 40. Kb1 Nf3 41. Bg3 Bxg3 42. Nxg3 Rxh4 43. Rxd5 Rd4 44. Rxd4 Nxd4 45. Kc1 h4 46. Nh1 g5 47. Kd2 Nb5 48. b4 Kg6 49. Ke3 Kf5 50. Kf3 g4+ 51. Ke3 d5 52. Nf2 d4+ 53. Kd3 Kf4 54. Kc4 Kf3 0-1